 Dungeon Crawl Stone Soup version 0.30-a0-715-gdb4ae3ece1 (webtiles) character file.

Game seed: 742933702465624068

23 wormed the Grasshopper (level 2, 0/20 HPs)
             Began as an Octopode Warper on Jan 24, 2023.
             Was an Initiate of Ashenzari.
             Slain by a quokka (4 damage)
             ... on level 1 of the Dungeon.
             The game lasted 00:01:10 (609 turns).

wormed the Grasshopper (Octopode Warper)             Turns: 609, Time: 00:01:11

Health: 0/20       AC:  1    Str: 10    XL:     2   Next: 95%
Magic:  5/5        EV: 13    Int: 15    God:    Ashenzari [......]
Gold:   43         SH:  0    Dex: 11    Spells: 5/5 levels left

rFire   . . .      SeeInvis .      - Unarmed
rCold   . . .      Faith    .    (no shield)
rNeg    . . .      Spirit   .    (helmet restricted)
rPois   .          Reflect  .    (no amulet)
rElec   .          Harm     .    (no ring)
rCorr   .          Rampage  .    (no ring)
Will    .....                    (no ring)
Stlth   ++                       (no ring)
HPRegen 0.23/turn                (no ring)
MPRegen 0.09/turn                (no ring)
                                 (no ring)
                                 (no ring)

@: no status effects
A: almost no armour, amphibious, 8 rings, camouflage 1, gelatinous body 1,
(nimble swimmer 1), tentacles
a: Renounce Religion, Curse Item


You were on level 1 of the Dungeon.
You worshipped Ashenzari.
Ashenzari was noncommittal.
You visited 1 branch of the dungeon, and saw 1 of its levels.

You collected 43 gold pieces.

Inventory:

Missiles
 b - 7 boomerangs of dispersal (quivered)
Scrolls
 a - a scroll of blinking
 c - a scroll of fear {unknown}
 d - a scroll of torment {unknown}
 f - a scroll of identify {unknown}
 k - 3 scrolls of teleportation {unknown}
 m - a scroll of vulnerability {unknown}
Potions
 e - a potion of flight {unknown}
 g - a potion of curing {unknown}
 h - a potion of haste {unknown}
 i - a potion of heal wounds {unknown}
 j - a potion of resistance {unknown}
 l - a potion of magic {unknown}


   Skills:
 + Level 2.3 Fighting
 - Level 1.0 Throwing
 + Level 2.7 Dodging
 + Level 2.3 Unarmed Combat
 + Level 2.3 Spellcasting
 - Level 3.0 Translocations


You had 5 spell levels left.
You didn't know any spells.
Your spell library contained the following spells:

 Spells                   Type           Power      Damage    Failure   Level
 Blink                    Tloc           20%        N/A       10%         2
 Lesser Beckoning         Tloc           20%        N/A       10%         2
 Teleport Other           Tloc           10%        N/A       19%         3
 Vhi's Electric Charge    Tloc/Air       12%        N/A       34%         3
 Manifold Assault         Tloc           10%        N/A       54%         4


Dungeon Overview and Level Annotations

Branches:
Dungeon (1/15)

Altars:
Ashenzari

Annotations:
D:1 1 transporter


Innate Abilities, Weirdness & Mutations

You cannot wear most types of armour.
You are amphibious.
You can wear up to eight rings at the same time.
Your skin changes colour to match your surroundings (Stealth+).
Your rubbery body absorbs attacks. (AC +1, EV +1)
((You are camouflaged when in or above water. (Stealth+)))
You have tentacles for arms and can constrict up to eight enemies at once.


Message History

You constrict the quokka, but do no damage.
The quokka bites you.
You barely miss the quokka. You squeeze the quokka.
The quokka is moderately wounded.
You constrict the quokka, but do no damage.
The quokka closely misses you.
You tentacle-slap the quokka.
The quokka is heavily wounded.
You constrict the quokka. The quokka bites you.
You are too injured to fight recklessly!
You are too injured to fight recklessly!
You are too injured to fight recklessly!
You are too injured to fight recklessly!
You are too injured to fight recklessly!
You are too injured to fight recklessly!
You are too injured to fight recklessly!
You are too injured to fight recklessly!
You are too injured to fight recklessly!
You are too injured to fight recklessly!
You are too injured to fight recklessly!
You are too injured to fight recklessly!
You are too injured to fight recklessly!
You are too injured to fight recklessly!
You are too injured to fight recklessly!
You are too injured to fight recklessly!
You are too injured to fight recklessly!
You are too injured to fight recklessly!
A quokka is nearby!
A quokka is nearby!
You tentacle-slap the quokka but do no damage.
The quokka is severely wounded.
You constrict the quokka, but do no damage.
The quokka bites you.
You tentacle-slap the quokka.
The quokka is almost dead.
You constrict the quokka, but do no damage.
The quokka bites you.
* * * LOW HITPOINT WARNING * * *
The quokka bites you.
You die...

#.# #.# ##
#>#
#.#######
#.#
..#.....>
#.# #.#####
#.#
##########.#
#.#
#..........#
#.##########
#.#######.#
#.....r@..#
###########


You could see a quokka.

Vanquished Creatures
  2 dart slugs (D:1)
  3 ball pythons (D:1)
  2 endoplasms (D:1)
  3 goblins (D:1)
  3 hobgoblins (D:1)
  A kobold (D:1)
  A bat (D:1)
  A rat (D:1)
16 creatures vanquished.

Notes
Turn   | Place    | Note
-------+----------+-------------------------------------------
     0 | D:1      | wormed the Octopode Warper began the quest for the Orb.
     0 | D:1      | Reached XP level 1. HP: 14/14 MP: 3/3
   112 | D:1      | Found a faded altar of an unknown god.
   131 | D:1      | Prayed at the altar of an unknown god.
   131 | D:1      | Became a worshipper of Ashenzari the Shackled
   199 | D:1      | Reached XP level 2. HP: 19/19 MP: 5/5
   609 | D:1      | Slain by a quokka

Illustrated notes

Levels and vault maps discovered:
D:1:      spicycebolla_arrival_risky_transporter, layout_loops_ring,
          chequers_ecumenical_altar_island

Action                     || total
---------------------------++-------
  Melee: Unarmed           ||    45
         Constrict         ||    14
         Tentacles         ||     9
   Stab: Sleeping          ||     3
 Armour: Skin              ||     6
  Dodge: Dodged            ||    21

Table legend: (Time is in decaauts)
 A = Elapsed time spent in this place.
 B = Non-inter-level travel time spent in this place.
 C = Inter-level travel time spent in this place.
 D = Time resting spent in this place.
 E = Time spent auto-exploring this place.
 F = Levels seen in this place.
 G = Mean time per level.
                   A        B        C        D        E       F      G
               +--------+--------+--------+--------+--------+-----+--------+
         Total |    607 |    607 |      0 |      0 |    444 |   1 |  607.0 |
       Dungeon |    607 |    607 |      0 |      0 |    444 |   1 |  607.0 |
               +--------+--------+--------+--------+--------+-----+--------+

Top non-repeatable levels by time:
     D:1: 607 daAuts
